 Dungeon Crawl Stone Soup version 0.28.0-47-ge53b351184 (webtiles) character file.

Game seed: 6511285814755848955

288 issech the Cudgeller (level 6, 0/61 HPs)
             Began as a Troll Monk on May 11, 2022.
             Slain by a bullfrog (5 damage)
             ... in a sewer.
             The game lasted 00:08:47 (2599 turns).

issech the Cudgeller (Troll Monk)                   Turns: 2599, Time: 00:08:48

Health: 0/61       AC:  4    Str: 20    XL:     6   Next: 9%
Magic:  5/5        EV: 10    Int:  6    God:
Gold:   88         SH:  0    Dex: 14    Spells: 5/5 levels left

rFire   . . .      SeeInvis .   k - +3 short sword (venom)
rCold   . . .      Faith    .   (no shield)
rNeg    . . .      Spirit   .   b - +0 robe
rPois   .          Reflect  .   (helmet restricted)
rElec   .          Harm     .   (no cloak)
rCorr   .          Rampage  .   (gloves unavailable)
Will    .....                   (boots unavailable)
Stlth   ++........              (no amulet)
HPRegen 1.00/turn               (no ring)
MPRegen 0.09/turn               (no ring)

@: very slow
A: large, unfitting armour, claws 3, regeneration 1, shaggy fur 1, tough skin 1
a: no special abilities


You were in a sewer.
You visited 1 branch of the dungeon, and saw 3 of its levels.
You also visited: Sewer.

You collected 88 gold pieces.

Inventory:

Hand Weapons
 a - a +0 mace
 k - a +3 short sword of venom (weapon)
 o - a +2 dagger of holy wrath
 p - a +2 hunting sling of flaming
Missiles
 d - 40 bolts
 e - 24 arrows
 f - 126 stones (quivered)
 s - 5 poisoned darts
Armour
 b - a +0 robe (worn)
Jewellery
 t - a ring of fire
Wands
 r - a wand of mindburst (18)
Scrolls
 c - a scroll of fog
 i - a scroll of identify {unknown}
 q - 2 scrolls of noise
Potions
 g - 3 potions of curing {unknown}
 h - a potion of heal wounds {unknown}
 j - a potion of brilliance {unknown}
 l - a potion of mutation {unknown}
 m - 2 potions of haste {unknown}
 n - a potion of resistance {unknown}


   Skills:
 + Level 3.4 Fighting
 + Level 1.8 Short Blades
 + Level 4.0 Maces & Flails
 + Level 0.2 Throwing
 + Level 3.2 Dodging
 + Level 1.5 Stealth


You had 5 spell levels left.
You didn't know any spells.
Your spell library was empty.

Dungeon Overview and Level Annotations

Branches:
Dungeon (3/15)              Sewer (1/1)

Altars:
Wu Jian


Innate Abilities, Weirdness & Mutations

You are too large for most types of armour.
You have claws for hands.
Your natural rate of healing is unusually fast.
You are covered in fur. (AC +1)
You have tough skin. (AC +1)


Message History

The bullfrog barely misses you.
You closely miss the bullfrog. You closely miss the bullfrog.
The bullfrog hits you. x2
The endoplasm hits you. The bullfrog barely misses you. x2
You barely miss the bullfrog. The bullfrog closely misses you.
The bullfrog hits you!
The endoplasm splashes around in the water.
You hit the bullfrog.
The bullfrog is poisoned.
The bullfrog is lightly wounded.
The bullfrog barely misses you. The bullfrog hits you. The endoplasm hits you.
The bullfrog hits you. The bullfrog closely misses you.
You closely miss the bullfrog. The bullfrog hits you!
The bullfrog hits you but does no damage.
The endoplasm closely misses you.
You hit the bullfrog.
The bullfrog is poisoned.
The bullfrog is lightly wounded.
The bullfrog hits you but does no damage.
The bullfrog closely misses you. The endoplasm hits you.
The bullfrog hits you but does no damage.
The bullfrog hits you.
You closely miss the bullfrog.
The bullfrog is lightly wounded.
The bullfrog hits you. x2
The endoplasm hits you but does no damage.
You hit the bullfrog.
The bullfrog is moderately wounded.
The bullfrog hits you.
* * * LOW HITPOINT WARNING * * *
The bullfrog hits you.
* * * LOW HITPOINT WARNING * * *
The endoplasm hits you but does no damage.
The bullfrog hits you but does no damage.
The bullfrog hits you.
* * * LOW HITPOINT WARNING * * *
The bullfrog hits you!
* * * LOW HITPOINT WARNING * * *
You enter the shallow water.
Moving in this stuff is going to be slow.
The bullfrog hits you.
You die...

#.≈≈.#≈≈≈≈#≈(≈.!([.≈≈ #†≈≈≈#≈≈
#∩.≈≈#≈.≈.#(≈.?!:.≈r≈ #≈≈.≈#≈.
#.≈.≈#≈≈≈≈#(≈(.$≈≈≈.≈ #≈≈≈≈#≈≈
##≈.≈##≈.≈#≈(≈.≈≈.≈≈≈ ##≈≈.##≈.
#≈≈≈≈#..≈#≈(.≈≈≈.≈l≈ ##.≈≈.#≈≈≈
##≈≈≈##≈≈##lS#≈≈≈≈≈###≈≈≈≈##.≈≈
#≈≈≈≈##.≈#JS#######.≈≈≈.##..≈≈
##≈≈≈.#≈≈##FF.†≈≈≈≈≈≈.###≈≈≈≈#
##≈≈≈≈≈.≈#..@≈≈≈≈≈####≈≈†≈≈##
####.≈≈#######.∩≈#≈.≈≈.≈≈##
##≈≈#..≈≈≈#####†≈≈≈#####
####≈≈≈≈≈....≈≈####≈≈∩#
#≈≈≈#########≈...≈#
#≈≈≈≈†≈≈≈.≈.†.∩.###
#≈≈≈.≈≈.≈.≈.##### #############


You could see 2 bullfrogs, an adder, an endoplasm, a ball python and a frilled
lizard.

Vanquished Creatures
  A scorpion (D:3)
  An iguana (D:2)
  9 adders
  A worm (D:2)
  4 dart slugs
  7 bats
  11 endoplasms
  13 giant cockroaches
  6 goblins
  5 hobgoblins
  5 kobolds
  9 quokkas
  18 ball pythons
  14 frilled lizards
  7 rats
111 creatures vanquished.

Notes
Turn   | Place    | Note
-------+----------+-------------------------------------------
     0 | D:1      | issech the Troll Monk began the quest for the Orb.
     0 | D:1      | Reached XP level 1. HP: 22/22 MP: 0/0
   142 | D:1      | Reached XP level 2. HP: 29/29 MP: 1/1
   291 | D:1      | Reached skill level 3 in Maces & Flails
   724 | D:1      | Reached XP level 3. HP: 36/36 MP: 2/2
  1417 | D:2      | Reached XP level 4. HP: 19/45 MP: 3/3
  2187 | D:3      | Found an ornate altar of the Wu Jian Council.
  2215 | D:3      | Noticed a scorpion
  2219 | D:3      | Killed a scorpion
  2220 | D:3      | Reached skill level 1 in Short Blades
  2220 | D:3      | Reached XP level 5. HP: 53/53 MP: 4/4
  2304 | D:3      | Found a glowing drain.
  2312 | Sewer    | Entered a sewer
  2328 | Sewer    | Reached skill level 4 in Maces & Flails
  2524 | Sewer    | Reached XP level 6. HP: 54/61 MP: 5/5
  2599 | Sewer    | Slain by a bullfrog

Illustrated notes

Levels and vault maps discovered:
D:1:      sevenhm_arrival_forest_fort_large_1, layout_basic, nrook_loot_triangle
D:2:      layout_basic, minmay_fractal_squares_5
D:3:      layout_loops_ring, lemuel_coloured_pillars_altar,
          portal_sewer_entry_f, uniq_natasha
Sewer:    sewer_frog_island_02

Skill      XL: |  1  2  3  4  5 |
---------------+----------------+-----
Maces & Flails | 3 4 |  4.0
Fighting       | 3 |  3.4
Short Blades   | 1 |  1.8
Dodging        | 3 |  3.2
Throwing       | |  0.2
Stealth        | |  1.5

Action                   |  1- 3 |  4- 6 || total
-------------------------+-------+-------++-------
Melee: Mace              |   114 |       ||   114
       Short sword       |    26 |   142 ||   168
       Punch             |       |     2 ||     2
Throw: Stone             |    12 |     8 ||    20
  Use: Scroll            |       |     4 ||     4
 Stab: Sleeping          |     3 |     2 ||     5
Armor: Robe              |    77 |    82 ||   159
Dodge: Dodged            |   105 |   120 ||   225
